Map: Polka LE

Players

whilter

  • Race: Terran Terran
  • League: Gold
  • Spawn Location: 11:00

Muszu

  • Race: Terran Terran
  • League: Gold
  • Spawn Location: 11:00

Massa - Winner!

  • Race: Terran Terran
  • League: Platinum
  • Spawn Location: 5:00

qqq - Winner!

  • Race: Zerg Zerg
  • Spawn Location: 5:00

VOD

Have the link to the VOD?

Description

Time

  • Played on: Oct. 21, 2020, 12:47 p.m.
  • Length: 29:02
Show
View Real Time Build Order
Export as new Build Order

whilter Terran 

Build Orders:  

Get SALT Encoding   

  12  0:00  SCV  
  13  0:12  SCV  
  14  0:17  Supply Depot  
  14  0:24  SCV  
  15  0:39  SCV  
  16  0:44  Barracks  
  16  0:51  SCV  
  16  0:52  Refinery  
  17  1:03  SCV  
  18  1:15  SCV  
  19  1:27  SCV  
  19  1:32  Marine  
  21  1:40  Orbital Command  
  21  1:44  Command Center  
  21  1:52  Barracks Reactor  
  21  2:01  Supply Depot  
  21  2:13  Factory  
  21  2:26  SCV  
  21  2:28  Marine  
  21  2:29  Marine  
  23  2:43  SCV  
  24  2:47  Marine  
  25  2:51  Marine  
  25  2:52  Refinery  
  25  2:56  Supply Depot  
  26  3:03  SCV  
  26  3:04  Hellion, Marine  
  30  3:07  Orbital Command  
  30  3:09  Marine  
  31  3:20  SCV  
  31  3:22  Marine  
  33  3:27  Marine  
  33  3:31  Hellion  
  33  3:32  SCV  
  37  3:36  SCV  
  37  3:38  Starport  
  37  3:40  Marine  
  39  3:44  SCV  
  39  3:45  Marine  
  41  3:51  SCV  
  42  3:56  SCV  
  42  3:58  Marine  
  44  4:03  SCV  
  44  4:05  Bunker  
  44  4:09  SCV, Factory Tech Lab  
  46  4:16  SCV  
  47  4:17  Supply Depot  
  47  4:19  Medivac  
  47  4:21  SCV  
  47  4:23  Marine x2  
  52  4:28  SCV  
  53  4:33  SCV  
  53  4:37  Supply Depot  
  54  4:38  Siege Tank  
  54  4:40  SCV  
  54  4:41  Marine x2  
  54  4:45  SCV  
  61  4:50  Refinery  
  61  4:52  SCV, Engineering Bay  
  62  4:59  SCV  
  63  5:02  Starport Tech Lab  
  63  5:04  SCV  
  63  5:05  Barracks  
  63  5:06  Barracks  
  64  5:11  SCV  
  65  5:16  SCV  
  65  5:18  Refinery  
  66  5:23  SCV  
  68  5:28  SCV  
  68  5:35  SCV  
  69  5:41  Viking  
  69  5:55  Marine  
  70  6:06  Marine  
  70  6:27  Supply Depot  
  70  6:28  Terran Infantry Weapons Level 1  
  70  6:29  Supply Depot  
  70  6:30  Starport Reactor, Factory Reactor, Barracks, Supply Depot  
  70  6:32  Stimpack  
  70  6:34  Combat Shield  
  70  6:49  Marine x2  
  70  6:50  Marine x2  
  70  6:52  SCV x2  
  76  7:04  SCV x2  
  76  7:07  Marine x2  
  76  7:08  Marine  
  79  7:13  Marine  
  72  7:16  SCV x2  
  72  7:17  Marine  
  75  7:24  Marine x2  
  75  7:26  Marine  
  78  7:31  SCV, Marine  
  78  7:32  SCV  
  81  7:44  Marine  
  81  7:45  Marauder, Marine  
  81  7:48  Command Center  
  81  7:49  Marauder  
  81  7:51  Medivac x2  
  91  7:52  Widow Mine  
  91  7:53  Barracks Reactor  
  91  7:55  SCV  
  94  8:00  Missile Turret, Supply Depot  
  94  8:06  Marine x3  
  94  8:07  Widow Mine, SCV x2  
  94  8:10  Armory, Engineering Bay  
  101  8:14  Sensor Tower  
  101  8:19  SCV  
  102  8:21  SCV, Marauder  
  102  8:23  Terran Infantry Armor Level 1  
  102  8:24  Marine x2  
  102  8:25  Marauder  
  109  8:31  SCV  
  110  8:40  Medivac x2, Supply Depot  
  110  8:41  SCV, Hellion x2, Supply Depot  
  119  8:42  Marine x3  
  119  8:43  SCV, Supply Depot  
  119  8:46  Marine  
  124  8:53  SCV  
  124  8:55  SCV  
  126  9:01  Marauder  
  128  9:04  Marauder  
  128  9:09  Marine x4  
  133  9:16  Missile Turret  
  134  9:18  Widow Mine  
  134  9:19  Widow Mine  
  134  9:21  Marine  
  141  9:25  Marauder, Liberator x2  
  141  9:26  SCV  
  141  9:27  Marine x3  
  151  9:33  Terran Infantry Weapons Level 2  
  151  9:36  Marine  
  152  9:39  SCV x2  
  152  9:40  Marauder  
  152  9:45  Marine  
  157  9:47  Marauder  
  157  9:48  Planetary Fortress  
  157  9:52  Refinery  
  159  9:53  Refinery  
  159  10:01  Marauder  
  159  10:05  Marine  
  159  10:06  Marine  
  163  10:08  Marauder  
  165  10:33  Missile Turret  
  165  10:37  Supply Depot  
  165  10:38  Supply Depot  
  165  10:40  Supply Depot  
  165  10:47  Factory  
  165  10:48  Factory  
  165  10:50  Factory  
  165  10:56  Marine  
  165  10:57  Marine, Medivac x2  
  165  10:58  Marauder, Marine x2  
  165  10:59  Marauder  
  165  11:03  Widow Mine x2  
  171  11:04  Command Center  
  171  11:14  Marine  
  171  11:15  Marine x2  
  174  11:19  Marauder  
  174  11:20  Marauder  
  174  11:24  Marine  
  173  11:31  Marine  
  170  11:40  Marauder  
  170  11:42  Marauder, Marine x2  
  170  11:43  Viking  
  170  11:44  SCV, Viking  
  170  11:45  SCV  
  182  11:47  Factory Tech Lab  
  182  11:48  Factory Tech Lab x2  
  182  11:51  SCV  
  183  11:56  Armory  
  183  11:57  SCV  
  174  12:01  Widow Mine, Hellion  
  174  12:02  Marauder  
  174  12:03  Marauder  
  177  12:23  Hellion, Marauder  
  177  12:25  Marauder  
  181  12:30  Marine x2  
  181  12:32  Siege Tank x3  
  192  12:40  Refinery x2  
  192  12:44  Marauder  
  192  12:45  Planetary Fortress  
  192  12:46  Marauder  
  192  12:47  Missile Turret  
  192  12:50  Missile Turret  
  196  12:54  Terran Infantry Armor Level 2  
  196  13:02  Marine x2  
  198  13:13  Marine x2  
  180  13:42  Widow Mine x4  
  180  13:43  Widow Mine  
  185  13:48  Marine x2  
  185  13:49  Marauder x2  
  168  13:56  Marine x2  
  168  13:59  Viking x2  
  165  14:03  Widow Mine  
  165  14:04  Widow Mine x2  
  165  14:06  Marine  
  160  14:12  Marine x2  
  160  14:13  Marine  
  160  14:14  Marine x2  
  146  14:24  Marine  
  146  14:29  Viking  
  146  14:30  Marine x3  
  146  14:31  Siege Tank x3  
  155  14:32  Marine x2  
  151  14:42  Marine  
  151  14:44  Missile Turret  
  146  14:48  Marine x3  
  146  14:49  Marine x2  
  148  14:59  Marine  
  148  15:03  Siege Tank  
  148  15:06  Marine x3  
  153  15:07  Marine x2  
  143  15:17  Marine  
  143  15:19  Siege Tank x2  
  135  15:22  Medivac x2  
  135  15:23  Marine  
  135  15:24  Marine x2  
  135  15:25  Marine x2  
  143  15:35  Marine, Siege Tank  
  146  15:41  Marine  
  146  15:42  Marine x2  
  148  15:43  Marine x2  
  150  15:51  Siege Tank x2  
  156  16:00  Marine  
  156  16:01  Marine x4  
  162  16:09  Siege Tank  
  164  16:18  Marine x2  
  164  16:19  Marine x3  
  164  16:23  Siege Tank  
  172  16:36  Marine  
  170  16:52  SCV  
  171  17:04  SCV  
  164  17:16  SCV  
  164  17:22  Thor x2  
  155  17:23  Thor  
  155  17:29  SCV  
  160  17:38  Raven  
  160  17:41  SCV  
  163  17:51  Hellion x2, Marine  
  167  17:52  Marine x2  
  170  18:05  Thor x3  
  168  18:12  Hellion  
  188  18:18  Marine x7  
  188  18:39  Marine x2  
  188  18:40  Marine  
  191  18:48  Marine x2  
  155  19:12  Marine x6  
  155  19:13  Marine  
  155  19:15  Thor x2  
  155  19:16  Thor  
  127  19:26  Starport Tech Lab  
  127  19:30  Marine x2  
  129  19:37  SCV  
  129  19:38  SCV  
  131  19:42  Bunker  
  122  20:04  Marine x5  
  122  20:05  Marine x2  
  126  20:22  Marine  
  126  20:30  Raven  
  103  20:58  Marine x5  
  103  20:59  Marine x2  
  103  21:03  Hellion x3, Thor x2  
  121  21:16  Marine x2  
  114  21:29  Marine x5  
  114  21:30  Siege Tank  
  120  21:34  Marine x2  
  120  21:36  Raven  
  118  21:46  Siege Tank x2  
  112  21:51  Marine x6  
  112  21:52  Marine  
  103  22:08  Marine  
  103  22:09  Marine x3  
  104  22:33  Marine  
  104  22:34  Marine x6  
  74  23:07  Marine x4  
  74  23:08  Marine x3, Thor  
  80  23:25  Marine x4  
  69  23:30  Marine  
  69  23:31  Marine  
  69  23:32  Marine  
  70  23:42  Marine  
  70  23:43  Marine x2  
  70  23:52  SCV x2  
  66  23:57  Marine  
  27  24:48  SCV, Orbital Command  
  28  25:00  SCV  
  29  25:12  SCV  
  30  25:31  SCV  
  31  25:41  Siege Tank  
  31  25:42  Siege Tank  
  37  25:43  SCV  
Show
View Real Time Build Order
Export as new Build Order

Muszu Terran 

Build Orders: Mech 

Get SALT Encoding   

  12  0:00  SCV  
  13  0:13  SCV  
  14  0:17  Supply Depot  
  14  0:26  SCV  
  15  0:39  SCV, Barracks  
  16  0:47  Refinery  
  16  0:51  SCV  
  17  1:03  SCV  
  18  1:15  SCV  
  20  1:35  Command Center  
  20  1:36  Orbital Command  
  19  1:45  Barracks Reactor  
  19  2:02  SCV  
  20  2:11  Factory  
  20  2:15  SCV  
  20  2:22  Marine x2  
  23  2:30  Refinery  
  23  2:36  Supply Depot  
  23  2:46  Marine x2  
  23  2:47  SCV  
  26  2:58  Supply Depot  
  26  2:59  SCV  
  26  3:04  Marine x2  
  29  3:06  Orbital Command  
  29  3:10  Factory Tech Lab  
  29  3:11  SCV  
  30  3:13  Armory  
  30  3:40  Siege Tank  
  33  3:42  Supply Depot  
  33  3:43  Marine x2  
  34  3:54  SCV  
  34  3:55  SCV  
  36  4:01  Marine x2  
  38  4:06  SCV, Supply Depot  
  38  4:07  SCV  
  40  4:12  Terran Vehicle Weapons Level 1  
  40  4:18  Factory  
  40  4:19  SCV x2  
  40  4:20  Siege Tank  
  45  4:26  Refinery  
  45  4:31  SCV x2  
  47  4:37  Supply Depot  
  47  4:43  SCV x2  
  49  4:52  Refinery  
  49  4:53  Siege Tank  
  52  5:00  Supply Depot  
  52  5:01  SCV x2  
  54  5:13  SCV x2, Marine x2  
  58  5:25  SCV x2, Siege Tank  
  63  5:31  Marine x2  
  65  5:49  Marine x2  
  70  5:57  SCV, Siege Tank  
  70  5:58  SCV, Factory  
  72  6:07  Marine x2  
  72  6:10  SCV x2  
  76  6:16  Armory  
  76  6:22  SCV x2  
  78  6:29  Siege Tank  
  81  6:34  SCV x2  
  83  6:44  Supply Depot  
  83  6:47  Marine  
  83  6:48  Marine  
  83  6:51  Factory Tech Lab  
  83  6:54  SCV x2  
  86  7:01  Siege Tank  
  90  7:04  Terran Vehicle Weapons Level 2, Terran Vehicle And Ship Armor Level 1  
  90  7:05  Marine x2  
  90  7:06  SCV x2, Supply Depot  
  91  7:18  SCV  
  92  7:23  Marine x2  
  94  7:40  Thor  
  94  7:41  Marine, Thor  
  107  7:45  Supply Depot  
  107  8:02  Marine x2  
  109  8:12  Supply Depot  
  109  8:15  Engineering Bay  
  109  8:20  Marine x2  
  109  8:24  Siege Tank x2  
  117  8:38  Marine  
  118  8:42  Supply Depot  
  118  8:56  Siege Tank x2  
  124  9:08  Marine x2  
  126  9:14  Terran Vehicle And Ship Armor Level 2  
  126  9:26  Marine  
  126  9:28  Siege Tank x2  
  133  9:49  SCV  
  133  9:50  SCV  
  135  10:01  SCV  
  135  10:02  SCV  
  137  10:16  SCV x2  
  140  10:28  SCV x2  
  140  10:35  Command Center  
  141  10:37  Refinery, Command Center, Missile Turret  
  141  10:40  SCV, Missile Turret  
  141  10:42  Refinery  
  142  10:48  SCV  
  143  10:52  Missile Turret  
  143  10:55  Refinery  
  149  11:05  Terran Vehicle Weapons Level 3  
  149  11:13  Refinery  
  149  11:18  Missile Turret  
  143  11:25  Thor  
  143  11:26  Thor  
  155  11:38  Missile Turret  
  155  11:39  Missile Turret  
  155  11:58  Missile Turret  
  154  12:02  Orbital Command  
  154  12:08  Thor x2  
  166  12:21  Missile Turret  
  166  12:38  SCV x3  
  169  12:50  SCV  
  170  13:00  Missile Turret  
  170  13:07  Thor  
  170  13:08  Thor  
  182  13:16  Factory  
  182  13:20  Factory  
  182  13:22  Factory  
  179  13:36  SCV  
  179  13:37  SCV x2  
  182  13:47  Terran Vehicle And Ship Armor Level 3  
  182  13:48  SCV  
  182  13:50  Thor x2  
  176  14:02  Factory Tech Lab  
  176  14:06  Factory Tech Lab  
  176  14:07  Factory Tech Lab  
  145  14:27  Siege Tank x3  
  135  14:33  Thor x2  
  132  14:43  Supply Depot  
  126  14:59  Thor, Siege Tank x2  
  138  15:07  Marine x2  
  137  15:14  SCV  
  137  15:16  Thor x2  
  150  15:25  Marine x2  
  152  15:31  Thor, Siege Tank  
  161  15:42  Siege Tank  
  164  15:49  Refinery  
  164  16:02  Thor x2  
  164  16:03  Thor  
  168  16:14  Thor  
  161  16:30  Thor  
  157  16:33  Starport  
  154  16:45  Thor  
  160  16:50  SCV  
  160  16:51  SCV  
  162  17:03  SCV x2  
  157  17:15  SCV  
  142  17:40  Siege Tank  
  142  17:41  Siege Tank x2  
  146  18:02  Starport Tech Lab  
  141  18:11  Siege Tank  
  136  18:41  Orbital Command  
  136  18:42  SCV  
  131  18:54  SCV  
  123  19:17  Factory Tech Lab  
  123  19:55  Siege Tank x4  
  135  20:26  Thor  
  135  20:27  Thor x2, Siege Tank  
  144  20:56  Starport Tech Lab  
  138  21:00  Thor  
  138  21:03  Orbital Command  
  144  21:14  SCV  
  144  21:17  Command Center  
  145  21:26  SCV  
  145  21:27  Siege Tank  
  149  21:38  SCV  
  140  22:32  Thor  
  140  22:33  Siege Tank  
  89  23:06  Thor  
  32  23:47  Siege Tank  
  35  24:04  Orbital Command  
  35  24:33  Refinery  
  35  25:16  Thor, Siege Tank x3  
  50  25:22  Raven  
  35  25:48  Thor x2, Siege Tank  
  38  25:59  Thor  
  38  26:21  Hellbat  
  34  26:54  Siege Tank  
  34  26:55  Siege Tank  
  34  26:58  Thor x2  
  49  27:26  Thor x2  
  61  27:41  Siege Tank x2  
  64  28:09  Thor x2  
  76  28:13  Thor x2  
Show
View Real Time Build Order
Export as new Build Order

Massa Terran - Winner!

Build Orders: Liberator Opening 

Get SALT Encoding   

  12  0:00  SCV  
  13  0:12  SCV  
  14  0:23  Supply Depot  
  14  0:24  SCV  
  15  0:45  SCV  
  15  0:47  Barracks  
  16  0:55  Refinery  
  16  0:56  Refinery  
  16  0:57  SCV  
  17  1:09  SCV  
  18  1:14  Supply Depot  
  18  1:21  SCV  
  19  1:33  SCV  
  19  1:35  Reaper  
  21  1:50  Factory  
  21  1:57  SCV  
  22  2:09  Orbital Command  
  22  2:11  Marine  
  23  2:17  Supply Depot  
  23  2:45  SCV  
  23  2:51  Command Center  
  24  2:52  Engineering Bay  
  24  2:54  Hellion  
  24  2:57  Barracks Reactor  
  26  3:06  Starport  
  26  3:10  SCV  
  29  3:22  SCV  
  26  3:46  Factory  
  26  3:47  Marine  
  26  3:48  Marine  
  28  3:52  Liberator  
  31  3:58  Missile Turret  
  31  4:01  SCV  
  32  4:05  Marine x2  
  34  4:13  Orbital Command, SCV  
  35  4:20  Barracks  
  35  4:23  Marine x2  
  37  4:26  SCV  
  37  4:27  Missile Turret  
  38  4:31  Factory Tech Lab  
  38  4:38  SCV  
  39  4:39  Supply Depot  
  39  4:47  Marine x2  
  39  4:50  SCV  
  39  4:51  Siege Tank  
  45  4:57  SCV  
  46  5:02  SCV  
  47  5:07  Medivac  
  47  5:09  SCV, Barracks Tech Lab  
  47  5:13  Marine x2  
  52  5:14  SCV  
  52  5:21  SCV  
  54  5:26  SCV  
  54  5:28  Factory Reactor  
  55  5:41  Stimpack  
  55  5:43  Marauder, Marine x2  
  55  5:44  Siege Tank  
  62  5:52  Supply Depot  
  62  5:53  Supply Depot  
  62  6:06  SCV  
  62  6:07  Marauder  
  62  6:12  Armory  
  62  6:13  Marine x2  
  62  6:14  Widow Mine x2, SCV  
  69  6:18  SCV  
  70  6:26  SCV  
  70  6:28  Marauder  
  70  6:31  Command Center  
  73  6:36  Barracks  
  73  6:37  Barracks  
  73  6:42  Barracks  
  73  6:46  Siege Tank  
  76  6:54  Refinery  
  76  6:55  Refinery  
  76  7:21  Combat Shield  
  66  7:31  Starport Reactor  
  66  7:32  Barracks Tech Lab  
  66  7:33  Barracks Reactor  
  66  7:34  Barracks Tech Lab  
  66  7:37  Terran Infantry Armor Level 1  
  66  7:40  Engineering Bay  
  66  7:49  Supply Depot  
  66  7:52  Orbital Command  
  66  7:55  SCV x2  
  68  7:58  Siege Tank  
  68  7:59  Widow Mine x2  
  75  8:07  SCV x2  
  77  8:13  Missile Turret  
  77  8:14  Viking  
  77  8:15  Marine x2  
  77  8:17  Marauder x3, Marine  
  77  8:18  Marine  
  77  8:19  SCV x2  
  91  8:21  Widow Mine  
  91  8:25  Concussive Shells  
  93  8:33  Missile Turret  
  93  8:40  Supply Depot  
  93  8:48  Supply Depot  
  93  9:01  Marine x6  
  93  9:02  Marine, Supply Depot  
  100  9:05  SCV  
  101  9:10  SCV  
  101  9:11  Supply Depot  
  101  9:12  Smart Servos, Siege Tank  
  101  9:15  Widow Mine x2  
  109  9:17  Orbital Command  
  109  9:24  SCV, Marine x3, Medivac x2  
  109  9:26  Supply Depot  
  117  9:32  Marine x3  
  117  9:33  SCV  
  117  9:34  Supply Depot  
  117  9:37  Widow Mine, Marauder  
  125  9:47  SCV, Marauder, Marine x2, Siege Tank  
  133  9:53  Terran Infantry Armor Level 2  
  133  9:55  Marine x2, Terran Infantry Weapons Level 1  
  133  9:56  SCV x2  
  137  10:00  Marine x2  
  137  10:01  SCV  
  140  10:08  SCV  
  140  10:12  Refinery  
  141  10:21  Missile Turret  
  141  10:29  Refinery  
  141  10:31  Drilling Claws  
  141  10:41  Supply Depot  
  141  10:42  Command Center, Missile Turret, Supply Depot  
  141  10:44  Supply Depot x2  
  141  10:45  Supply Depot x2  
  141  10:58  Missile Turret  
  141  11:03  Widow Mine x2, SCV x3  
  148  11:05  Supply Depot  
  140  11:19  Missile Turret  
  140  11:37  Medivac x2  
  144  11:41  Missile Turret  
  140  12:07  Medivac x2  
  144  12:13  SCV x3  
  147  12:20  Starport  
  147  12:25  SCV  
  147  12:26  SCV x2  
  147  12:27  Starport  
  147  12:29  Starport  
  150  12:34  Marauder x2  
  150  12:35  Marauder, Marine x4  
  160  12:37  SCV, Viking, Medivac  
  160  12:38  SCV x2  
  167  12:49  SCV  
  167  12:50  SCV x2  
  170  12:53  Marine x3  
  170  12:56  Marauder x3  
  170  12:57  Thor  
  185  13:00  Widow Mine x2  
  185  13:01  SCV  
  190  13:07  Viking x2  
  190  13:08  Starport Tech Lab x2  
  190  13:09  Starport Tech Lab  
  194  13:17  Marauder  
  194  14:11  Siege Tank  
  125  14:40  Marauder x2, Marine  
  125  14:41  Marauder, Marine x3  
  125  14:43  Siege Tank  
  132  14:58  Marine  
  132  14:59  Marine x3  
  136  15:01  Marauder  
  136  15:02  Marauder x2  
  142  15:16  Marine  
  142  15:17  Marine x3  
  146  15:23  Marauder x3  
  146  15:26  Planetary Fortress  
  152  15:30  SCV x3  
  152  15:34  Marine x4  
  159  15:42  SCV x2  
  161  15:44  Marauder  
  161  15:45  Marauder x2  
  161  15:47  Siege Tank  
  170  15:51  Command Center  
  170  15:52  Terran Infantry Armor Level 3, Terran Infantry Weapons Level 2, Marine x4  
  174  15:58  Armory  
  174  15:59  Terran Vehicle And Ship Armor Level 1  
  174  16:05  Marauder  
  174  16:06  Marauder x2  
  174  16:09  Marine  
  174  16:10  Marine x3  
  184  16:14  Raven  
  184  16:15  Raven x2  
  184  16:16  Viking x2  
  194  16:19  Siege Tank  
  195  16:27  Marauder x2  
  199  16:46  Viking  
  168  17:16  Marauder  
  168  17:17  Marauder x2, Marine x4  
  169  17:29  Viking x3  
  148  17:30  Viking x2  
  174  17:34  Marine  
  174  17:35  Marine x3  
  182  17:37  Marauder  
  182  17:38  Marauder x2  
  187  17:52  Marine  
  187  17:53  Marine x3  
  189  17:59  Terran Vehicle And Ship Armor Level 2, Marauder x3, Terran Vehicle Weapons Level 1  
  195  18:06  Cloaking Field, Corvid Reactor  
  195  18:07  Hyperflight Rotors  
  195  18:10  Marine x3, Supply Depot x2  
  195  18:11  Marine  
  195  18:12  Orbital Command, Supply Depot  
  198  18:16  Refinery  
  198  18:18  Refinery  
  197  18:20  Marauder  
  197  18:26  Command Center  
  199  18:33  Supply Depot  
  199  18:37  Command Center  
  197  18:42  Marauder  
  196  19:01  Siege Tank  
  126  19:20  Marauder  
  126  19:21  Marauder x2, Marine x4  
  116  19:26  Refinery  
  116  19:28  Refinery  
  114  19:37  Mag-Field Accelerator  
  114  19:39  Marine x2  
  114  19:42  Orbital Command, Marauder x3  
  122  19:48  Terran Infantry Weapons Level 3  
  119  20:03  Marauder  
  119  20:04  Marauder x2  
  111  20:09  Marine x2  
  111  20:10  Siege Tank  
  116  20:24  Marauder  
  116  20:25  Marauder x2  
  108  20:37  Marine x3  
  108  20:42  Siege Tank  
  95  20:46  Marauder x3  
  94  20:52  Widow Mine x2  
  96  20:58  Marine x4  
  96  21:01  Orbital Command  
  86  21:06  Factory  
  86  21:07  Marauder  
  86  21:08  Marauder x2  
  91  21:13  Widow Mine x2  
  91  21:14  Siege Tank  
  91  21:16  Marine x4  
  91  21:17  Infernal Pre-Igniter  
  99  21:29  Marauder x3, Factory  
  99  21:30  Factory  
  99  21:32  Factory  
  100  21:33  Marine  
  100  21:34  Marine  
  99  21:43  Marine  
  99  21:44  Marine  
  99  21:46  Siege Tank  
  104  21:50  Marauder  
  104  21:51  SCV, Marauder x2, Marine x2  
  111  22:01  Marine  
  111  22:02  Marine  
  111  22:03  SCV  
  111  22:05  Hi-Sec Auto Tracking  
  111  22:07  Terran Vehicle Weapons Level 2  
  113  22:09  Marine x2  
  113  22:11  Marauder  
  113  22:12  Marauder x2  
  119  22:15  SCV  
  119  22:16  Factory  
  119  22:17  Factory Tech Lab x2  
  119  22:18  Factory Tech Lab x2  
  119  22:19  Marine, Siege Tank  
  119  22:20  Widow Mine x2, Marine  
  129  22:25  Neosteel Armor  
  129  22:26  SCV  
  129  22:28  SCV  
  129  22:29  Refinery  
  131  22:32  Refinery  
  131  22:33  Refinery, Marauder  
  133  22:38  SCV  
  133  22:40  SCV  
  133  22:41  Widow Mine x2  
  139  22:50  SCV  
  132  23:02  SCV  
  112  23:14  SCV  
  96  23:27  Marauder x3, Marine  
  96  23:28  Marine  
  96  23:30  Siege Tank  
  94  23:45  Marine  
  94  23:46  Marine  
  94  23:47  Barracks x3  
  98  23:48  Marauder  
  98  23:49  Marauder x2  
  98  23:53  Missile Turret  
  102  23:55  Missile Turret  
  102  23:56  Factory Tech Lab  
  102  24:00  Hellion  
  102  24:01  Hellion x3  
  110  24:03  Marine x2  
  110  24:06  Missile Turret  
  110  24:09  Marauder  
  114  24:10  Marauder x2  
  114  24:14  Command Center  
  114  24:16  Refinery  
  118  24:21  Hellion, Marine x2  
  118  24:22  Hellion x3  
  118  24:23  Siege Tank  
  131  24:26  Missile Turret  
  131  24:27  Terran Vehicle And Ship Armor Level 3  
  131  24:31  Marauder  
  133  24:32  Marauder x2  
  137  24:38  Marine  
  137  24:39  Marine  
  137  24:43  Hellion x4  
  137  24:45  Siege Tank  
  150  24:48  Missile Turret  
  150  24:52  Marauder  
  152  24:53  Marauder x2  
  152  24:55  Siege Tank  
  152  24:56  Marine  
  152  24:57  Marine  
  161  25:04  Hellion  
  161  25:05  Hellion x3  
  169  25:11  Missile Turret  
  169  25:13  Marine  
  169  25:14  Marine x3  
  170  25:15  Marine  
  170  25:17  Siege Tank  
  177  25:26  Hellion x4  
  185  25:31  Marine  
  185  25:32  Marine x2  
  188  25:49  Marine x3  
  167  26:14  Siege Tank x2  
  167  26:15  Siege Tank x3  
  186  26:18  Marauder x2, Marine x2  
  186  26:19  Marauder  
  190  26:35  Orbital Command  
  190  26:36  Marine x2  
  190  26:39  Marine x2  
  194  26:42  Refinery  
  194  26:43  Refinery  
  194  26:46  Siege Tank  
  194  26:47  Siege Tank  
  198  27:16  Medivac  
  183  28:25  Medivac x5  
Show
View Real Time Build Order
Export as new Build Order

qqq Zerg - Winner!

Build Orders: Hatch First, Brood Lord Corruptor, Lurkers 

Get SALT Encoding   

  12  0:03  Drone  
  13  0:15  Drone  
  14  0:35  Hatchery  
  14  0:39  Drone  
  14  0:57  Spawning Pool  
  14  1:03  Overlord  
  13  1:07  Drone  
  13  1:11  Extractor  
  13  1:14  Drone  
  14  1:21  Drone  
  15  1:30  Drone  
  16  1:43  Drone  
  16  2:03  Drone x2  
  16  2:05  Drone x2  
  16  2:06  Queen  
  22  2:10  Queen  
  24  2:17  Metabolic Boost  
  24  2:22  Drone  
  25  2:27  Overlord  
  25  2:31  Drone  
  25  2:36  Drone  
  27  2:39  Zergling x2  
  28  2:46  Drone x2  
  30  2:51  Overlord  
  30  2:52  Zergling x2  
  30  2:54  Drone  
  32  3:02  Lair  
  32  3:04  Zergling x2  
  33  3:21  Drone x5  
  33  3:25  Zergling x6  
  33  3:26  Zergling x2  
  42  3:37  Drone  
  43  3:42  Drone  
  44  3:52  Overlord  
  44  3:55  Extractor  
  44  3:57  Extractor  
  44  3:58  Extractor  
  44  4:00  Drone  
  44  4:02  Evolution Chamber  
  41  4:03  Hatchery  
  41  4:06  Drone x3  
  43  4:13  Drone  
  43  4:14  Drone x2  
  43  4:15  Drone  
  47  4:19  Drone  
  47  4:21  Drone x2  
  47  4:23  Drone  
  51  4:35  Zerg Missile Weapons Level 1  
  51  4:36  Drone  
  51  4:37  Overlord  
  51  4:38  Hydralisk Den, Overlord  
  51  4:44  Drone  
  52  4:47  Overlord  
  52  4:55  Pneumatized Carapace  
  52  4:56  Overlord x3  
  52  4:58  Drone  
  52  4:59  Drone  
  54  5:02  Overseer  
  54  5:03  Drone  
  55  5:11  Hydralisk x2  
  59  5:14  Hydralisk  
  59  5:15  Drone  
  62  5:36  Lurker Den  
  62  5:37  Muscular Augments  
  62  5:38  Hydralisk x3  
  62  5:39  Hydralisk x2  
  62  5:41  Drone  
  62  5:42  Drone  
  73  5:47  Hydralisk  
  73  5:49  Drone  
  76  5:53  Queen  
  78  5:59  Spore Crawler  
  78  6:00  Spore Crawler  
  78  6:04  Drone, Spore Crawler  
  77  6:06  Spine Crawler  
  75  6:18  Hydralisk  
  75  6:19  Hydralisk x3  
  75  6:20  Drone  
  75  6:21  Drone  
  75  6:25  Overlord  
  85  6:39  Lurker  
  87  6:40  Lurker x3  
  87  6:41  Drone x2  
  91  6:49  Zerg Melee Weapons Level 1  
  91  6:56  Hatchery  
  91  7:01  Lurker  
  91  7:24  Infestation Pit  
  91  7:28  Drone x3  
  92  7:44  Spire  
  92  7:45  Drone  
  92  8:03  Drone x2  
  92  8:04  Queen  
  96  8:05  Hydralisk  
  96  8:06  Hydralisk x4  
  96  8:07  Hydralisk  
  96  8:08  Overlord x7  
  96  8:09  Overlord x5  
  108  8:18  Drone x2  
  110  8:22  Drone x2  
  112  8:28  Drone x4  
  112  8:30  Hydralisk  
  112  8:33  Lurker  
  119  8:36  Hatchery  
  119  8:38  Spore Crawler, Hive  
  119  8:39  Spine Crawler  
  116  9:02  Hydralisk x3  
  113  9:04  Mutalisk x3  
  113  9:07  Drone x6  
  128  9:10  Extractor  
  128  9:11  Extractor  
  126  9:18  Drone x2  
  128  9:24  Lurker x2  
  130  9:34  Drone x2  
  132  9:49  Grooved Spines, Zerg Missile Weapons Level 2  
  132  9:55  Greater Spire  
  132  9:58  Evolution Chamber, Spore Crawler  
  132  9:59  Spore Crawler  
  129  10:02  Spore Crawler  
  129  10:03  Spore Crawler  
  129  10:04  Drone x3  
  130  10:17  Drone x5  
  130  10:18  Drone x4  
  139  10:22  Spine Crawler x2, Spore Crawler  
  136  10:28  Extractor  
  136  10:29  Drone, Extractor  
  130  10:51  Spine Crawler  
  130  10:52  Spine Crawler, Spore Crawler  
  115  11:30  Lurker x3  
  115  11:31  Corruptor x6  
  115  11:32  Corruptor x4  
  136  11:33  Drone x2  
  136  11:34  Drone x7  
  136  11:35  Drone x6  
  153  11:45  Corruptor x3  
  159  11:48  Drone x3  
  148  12:32  Brood Lord x2  
  148  12:33  Brood Lord x3  
  148  12:36  Drone x7  
  148  12:37  Drone x4  
  168  12:42  Extractor  
  168  12:44  Extractor  
  168  12:50  Brood Lord  
  168  12:51  Brood Lord, Corruptor  
  171  12:58  Zerg Flyer Weapons Level 1  
  164  13:16  Brood Lord x2  
  164  13:18  Zergling x2  
  164  13:19  Zergling x14  
  167  13:20  Zergling x2  
  155  13:40  Seismic Spines  
  155  13:42  Zerg Missile Weapons Level 3  
  147  14:05  Brood Lord x3  
  153  14:17  Corruptor x2  
  130  14:19  Drone x3  
  102  14:33  Mutalisk  
  102  14:34  Mutalisk x2  
  102  14:37  Zergling x4  
  102  14:38  Adaptive Talons, Zergling x8  
  111  14:44  Spine Crawler  
  110  14:46  Spine Crawler  
  110  14:49  Spine Crawler  
  110  14:50  Spine Crawler  
  107  14:56  Zerg Ground Armor Level 1  
  107  14:58  Ultralisk Cavern  
  103  15:20  Brood Lord  
  103  15:21  Brood Lord  
  104  15:22  Zergling x12  
  104  15:23  Zergling x12  
  110  15:37  Hatchery  
  103  15:46  Hatchery  
  96  15:50  Hatchery  
  95  15:57  Corruptor x4  
  95  15:58  Hatchery, Zergling x2, Corruptor  
  95  15:59  Zergling x6  
  108  16:30  Corruptor x6  
  120  16:38  Zergling x6  
  123  16:53  Hatchery  
  122  17:06  Spine Crawler  
  121  17:19  Drone x7  
  121  17:20  Drone  
  127  17:37  Corruptor  
  127  17:38  Corruptor x2  
  127  17:39  Ultralisk x3  
  127  17:40  Zergling x4  
  127  17:41  Zergling x2  
  139  18:04  Brood Lord x2  
  120  18:22  Corruptor x3  
  120  18:23  Drone x2  
  120  18:24  Drone x8  
  120  18:25  Drone x4  
  134  18:40  Zergling x10  
  135  18:58  Brood Lord  
  131  19:08  Drone  
  131  19:09  Drone x2  
  134  19:21  Zergling x4  
  134  19:22  Zergling x14  
  134  19:23  Drone x3  
  134  19:24  Drone x6  
  143  19:26  Extractor  
  143  19:27  Extractor x2  
  143  19:30  Extractor  
  142  19:32  Brood Lord  
  144  19:55  Anabolic Synthesis  
  146  20:22  Brood Lord  
  135  20:34  Ultralisk  
  136  20:38  Chitinous Plating  
  116  20:51  Brood Lord x2  
  116  20:55  Drone  
  116  20:56  Drone x2  
  123  20:58  Extractor  
  123  20:59  Extractor  
  123  21:01  Extractor  
  123  21:02  Extractor  
  115  21:05  Brood Lord x2  
  115  21:06  Ultralisk  
  115  21:07  Zergling x14  
  128  21:16  Zergling x8  
  128  21:17  Drone x5  
  128  21:18  Drone x4  
  143  21:22  Ultralisk  
  139  21:37  Brood Lord x2  
  139  21:38  Brood Lord  
  141  21:40  Zergling x2  
  141  21:41  Zergling x16  
  141  21:42  Zergling x4, Corruptor  
  141  21:44  Drone x4  
  141  21:45  Drone x3  
  144  22:00  Corruptor  
  144  22:01  Zergling x2  
  139  22:02  Ultralisk  
  139  22:03  Zergling x4  
  139  22:04  Zergling x12  
  147  22:14  Ultralisk  
  147  22:15  Zergling x10  
  129  22:16  Drone  
  129  22:17  Drone x4  
  129  22:20  Spine Crawler  
  129  22:22  Brood Lord  
  132  22:23  Spine Crawler x2  
  132  22:27  Ultralisk  
  132  22:28  Zergling x4  
  133  22:33  Drone x2  
  133  22:34  Zergling x6  
  133  22:40  Hatchery  
  122  22:48  Zergling x2, Ultralisk x2  
  122  22:49  Zergling x6  
  136  22:59  Ultralisk  
  135  23:16  Ultralisk  
  135  23:17  Zergling x8  
  135  23:19  Zergling x2  
  146  23:20  Zergling x14  
  152  23:28  Corruptor  
  152  23:31  Hydralisk  
  152  23:32  Zergling x6  
  152  23:33  Ultralisk  
  160  23:34  Zergling x10  
  156  23:57  Ultralisk x3  
  170  24:16  Ultralisk  
  176  24:17  Zergling x10  
  176  24:18  Zergling x6  
  176  24:21  Drone x3  
  176  24:22  Zergling x10  
  176  24:23  Zergling x4  
  174  24:48  Drone  
  174  24:49  Drone x2  
  175  24:58  Spine Crawler  
  175  24:59  Spine Crawler  
  173  25:10  Hatchery  
  172  25:24  Drone x3  
  175  25:28  Spine Crawler  
  175  25:30  Spine Crawler  
  175  25:31  Spine Crawler x2, Hydralisk x4  
  175  25:32  Hydralisk  
  175  25:33  Spine Crawler, Hydralisk x4  
  175  25:34  Swarm Host x2  
  194  25:36  Overlord  
  194  25:37  Spine Crawler, Overlord  
  194  25:38  Drone  
  194  25:41  Spine Crawler  
  165  26:06  Ultralisk  
  165  26:07  Ultralisk  
  165  26:08  Ultralisk x3  
  195  26:15  Hydralisk x2  
  158  26:50  Swarm Host x3  
  158  26:51  Swarm Host x8  
  158  26:52  Swarm Host x4  
  186  27:01  Swarm Host x4  
  186  27:05  Zergling x2  
  186  27:06  Zergling x2  
  181  28:18  Swarm Host x2  
  181  28:19  Swarm Host x7  
Tags
 
Add a new tag
Caveats
  • Supply blocks, unpowered buildings, or Contaminate may cause inaccurate times.
  • Supply counts are checked every 10 seconds.